 Dungeon Crawl Stone Soup version 0.21.1-1-g345015f (webtiles) character file.

338 poirepourri the Sneak (level 6, -9/30 HPs)
             Began as a Spriggan Enchanter on July 21, 2018.
             Mangled by Prince Ribbit (18 damage)
             ... on level 4 of the Dungeon.
             The game lasted 00:07:30 (4999 turns).

poirepourri the Sneak (Spriggan Enchanter)          Turns: 4999, Time: 00:07:31

Health: -9/30      AC:  3    Str:  4    XL:     6   Next: 29%
Magic:  2/11       EV: 18    Int: 16    God:
Gold:   166        SH:  0    Dex: 19    Spells: 2/11 levels left

rFire    + . .     SeeInvis +   a - +4 dagger
rCold    . . .     Gourm    .   (shield restricted)
rNeg     . . .     Faith    .   b - +1 robe
rPois    .         Spirit   .   (helmet restricted)
rElec    .         Reflect  .   (no cloak)
rCorr    .         Harm     .   (gloves unavailable)
MR       ++...                  (boots unavailable)
Stlth    ++++......             (no amulet)
HPRegen  0.10/turn              j - ring of protection from fire
MPRegen  0.12/turn              i - ring of protection from magic

@: very quick
A: very small, unfitting armour, see invisible, herbivore, speed 3, slow
metabolism 2
a: no special abilities


You were on level 4 of the Dungeon.
You were very hungry.

You visited 1 branch of the dungeon, and saw 5 of its levels.

You collected 166 gold pieces.

Inventory:

Hand Weapons
 a - a +4 dagger (weapon)
Armour
 b - a +1 robe (worn)
Jewellery
 i - a ring of protection from magic (right hand)
 j - a ring of protection from fire (left hand)
Scrolls
 l - a scroll of remove curse
Potions
 d - a potion of degeneration {unknown}
 e - 6 potions of curing
 f - 3 potions of flight
 g - a potion of haste {unknown}
 k - a potion of lignification {unknown}
 m - a potion of might {unknown}
Books
 c - a book of Maledictions

   Spells                             Type                      Level
   a - Corona                         Hexes                        1
   b - Ensorcelled Hibernation        Hexes/Ice                    2
   c - Confuse                        Hexes                        3
   d - Tukima's Dance                 Hexes                        3
   e - Dazzling Spray                 Conjuration/Hexes            3
Comestibles
 n - 2 rations


   Skills:
 - Level 1.1 Fighting
 - Level 4.2 Short Blades
 - Level 3.0 Dodging
 + Level 7.1 Stealth
 - Level 3.0 Spellcasting
 - Level 5.1 Hexes


You had 2 spell levels left.
You knew the following spells:

 Your Spells              Type           Power        Failure   Level  Hunger
a - Corona                Hex            ###....      2%          1    #......
b - Ensorcelled Hibernat  Hex/Ice        ##....       10%         2    ##.....
c - Confuse               Hex            ###.....     7%          3    ###....
d - Tukima's Dance        Hex            ###.....     7%          3    ###....


Dungeon Overview and Level Annotations

Branches:
Dungeon (5/15)
 Temple: D:4-7

Altars:
Gozag

Annotations:
D:4 Prince Ribbit


Innate Abilities, Weirdness & Mutations

You are very small and have problems with some larger weapons.
You are too small for most types of armour.
You have supernaturally acute eyesight. (SInv)
You are a herbivore.
You cover ground extremely quickly.
You need consume almost no food.


Message History

Press: ? - help, Shift-Dir - straight line, f - orc
Aim: an orc, wielding a club and wearing a ring mail (chance to defeat MR: 59%)
The orc looks drowsy...
You are feeling very hungry.
The helpless orc fails to defend itself.
You skewer the orc like a kebab!!!
You kill the orc!
Things that are here:
a club; a ring mail; an orc corpse Prince Ribbit croaks regally.
Prince Ribbit closely misses you.
There is a stone staircase leading up, spattered with blood here.
Prince Ribbit hits you!
Ouch! That really hurt!
* * * LOW HITPOINT WARNING * * *
Things that are here:
a club; a ring mail; an orc corpse Prince Ribbit hits you!!
Ouch! That really hurt!
You die...

#........##...##########.##### #
#...##.#####.## #.....# #
#....#.......# ###.### #
#=...######### ######### #.#####
#####.# #.......###......
...##.###########.......#.......#
.................................
#...#.#.#.#####.#.......#.......#
#.#.#.#.#.#.....@..)....#.......#
..#.#.#.#F#.###F#.#######.......#
###...#.#.#.# #.#...(# #.......#
.###..#.#...# #)#....# #.......#
......#.#.### #.#....## #........
.####......# #<[.....# ######...
.####...#.## ###).....# #...
.##.......# #....[...# #...
.##.#.#.#.####.######## #...


You could see Prince Ribbit.

Vanquished Creatures
  A howler monkey (D:4)
  An orc priest (D:5)
  An orc wizard (D:3)
  4 worker ants (D:4)
  A howler monkey skeleton (D:4)
  3 adders
  An ooze (D:1)
  2 worms (D:2)
  4 dart slugs
  2 leopard geckos (D:1)
  14 orcs
  6 bats
  2 giant cockroaches
  4 goblins
  8 hobgoblins
  7 jackals
  4 kobolds
  3 quokkas (D:2)
  3 frilled lizards
  5 rats
76 creatures vanquished.

Notes
Turn   | Place    | Note
-------+----------+-------------------------------------------
     0 | D:1      | poirepourri the Spriggan Enchanter began the quest for the Orb.
     0 | D:1      | Reached XP level 1. HP: 9/9 MP: 5/5
   521 | D:1      | Reached skill level 5 in Stealth
   640 | D:1      | Reached XP level 2. HP: 6/13 MP: 4/6
   805 | D:1      | Learned a level 2 spell: Ensorcelled Hibernation
  1164 | D:1      | Reached skill level 6 in Stealth
  1269 | D:1      | Reached XP level 3. HP: 15/16 MP: 2/8
  1944 | D:2      | Reached skill level 7 in Stealth
  1950 | D:2      | Learned a level 3 spell: Confuse
  3219 | D:3      | Reached XP level 4. HP: 18/21 MP: 6/9
  3472 | D:3      | Learned a level 3 spell: Tukima's Dance
  4048 | D:4      | Reached skill level 5 in Hexes
  4077 | D:4      | Reached XP level 5. HP: 24/24 MP: 6/10
  4412 | D:4      | Found an opulent altar of Gozag.
  4630 | D:5      | Entered Level 5 of the Dungeon
  4630 | D:5      | Noticed Prince Ribbit
  4631 | D:5      | Reached XP level 6. HP: 28/28 MP: 11/11
  4880 | D:3      | Reached skill level 1 in Fighting
  4999 | D:4      | Mangled by Prince Ribbit

Skill      XL: |  1  2  3  4  5  6 |
---------------+-------------------+-----
Stealth        | 5 6 7 |  7.1
Spellcasting   | 3 |  3.0
Hexes          | 5 |  5.1
Short Blades   | 4 |  4.2
Fighting       | 1 |  1.1
Dodging        | |  3.0

Action                   |  1- 3 |  4- 6 || total
-------------------------+-------+-------++-------
Melee: Dagger            |   124 |    81 ||   205
 Cast: Corona            |     5 |       ||     5
       Ensorcelled Hiber |    36 |    34 ||    70
       Confuse           |       |     3 ||     3
  Use: Scroll            |     5 |     7 ||    12
       Potion            |       |     4 ||     4
 Stab: Sleeping          |    35 |    24 ||    59
       Confused          |       |     1 ||     1
  Eat: Ration            |     3 |       ||     3
Armor: Robe              |    14 |     7 ||    21
Dodge: Dodged            |   123 |    79 ||   202
